 Dungeon Crawl Stone Soup version 0.24.0-37-gcf1ca852f1 (webtiles) character file.

Game seed: 1629910566842773724, levelgen mode: deterministic

9464 Delamore the Severer (level 11, -9/82 HPs)
             Began as a Hill Orc Fighter on Nov 23, 2019.
             Was a High Priest of Okawaru.
             Mangled by an orc warrior
             ... wielding a +0 glaive
              (21 damage)
             ... while paralysed by an orc sorcerer
             ... on level 2 of the Orcish Mines.
             The game lasted 00:15:31 (9545 turns).

Delamore the Severer (Hill Orc Fighter)             Turns: 9545, Time: 00:15:32

Health: -9/82      AC: 23    Str: 25    XL:     11   Next: 46%
Magic:  11/11      EV:  2    Int:  8    God:    Okawaru [*****.]
Gold:   157        SH:  0    Dex: 10    Spells: 10/10 levels left

rFire    . . .     SeeInvis +   D - +1 battleaxe (vamp)
rCold    . . .     Gourm    .   (shield currently unavailable)
rNeg     . . .     Faith    .   l - +5 plate armour of the Suburbs {Str+2}
rPois    .         Spirit   .   g - +2 helmet
rElec    .         Reflect  .   c - +0 cloak
rCorr    .         Harm     .   Q - +1 pair of gloves
MR       .....                  t - +0 pair of boots
Stlth    ..........             (no amulet)
HPRegen  0.23/turn              u - +3 ring of evasion
MPRegen  0.12/turn              q - ring of see invisible

@: paralysed, drained
A: no striking features
a: Heroism, Finesse, Renounce Religion, Convert to Beogh


You were on level 2 of the Orcish Mines.
You worshipped Okawaru.
Okawaru was extremely pleased with you.
You were not hungry.

You visited 3 branches of the dungeon, and saw 12 of its levels.

You collected 1023 gold pieces.
You spent 866 gold pieces at shops.

Inventory:

Hand Weapons
 D - a +1 vampiric battleaxe (weapon)
Armour
 c - a +0 cloak (worn)
 g - a +2 helmet (worn)
 l - the +5 plate armour of the Suburbs (worn) {Str+2}
   (You bought it in a shop on level 1 of the Orcish Mines)

   It affects your strength (+2).
 n - a +2 ring mail of fire resistance
 t - a +0 pair of boots (worn)
 v - a +2 shield
 Q - a +1 pair of gloves (worn)
Jewellery
 o - an uncursed ring of protection from cold
 q - a ring of see invisible (right hand)
 u - a +3 ring of evasion (left hand)
Wands
 w - a wand of paralysis (8)
 E - a wand of iceblast (10)
 L - a wand of flame (14)
Scrolls
 b - a scroll of fog {unknown}
 j - 4 scrolls of enchant armour
 k - 9 scrolls of identify
 m - 5 scrolls of teleportation
 r - 2 scrolls of immolation {unknown}
 y - a scroll of torment {unknown}
 A - 3 scrolls of magic mapping
 H - a scroll of amnesia {unknown}
 K - a scroll of blinking {unknown}
 M - a scroll of enchant weapon {unknown}
 N - 2 scrolls of remove curse
Potions
 e - a potion of curing
 h - 2 potions of ambrosia {unknown}
 i - 6 potions of magic
 p - 2 potions of brilliance
 z - 2 potions of resistance {unknown}
 C - a potion of heal wounds
 F - a potion of cancellation {unknown}
 G - a potion of flight {unknown}
 I - a potion of degeneration {unknown}
 J - a potion of haste {unknown}
 O - a potion of mutation {unknown}
Comestibles
 f - 11 rations


   Skills:
 - Level 3.6(3.0) Fighting
 + Level 20.5(19.6) Axes
 - Level 3.2(2.6) Armour
 - Level 3.2(2.6) Shields


You had 10 spell levels left.
You didn't know any spells.
Your spell library was empty.

Dungeon Overview and Level Annotations

Branches:
Dungeon (9/15)             Temple (1/1) D:6             Orc (2/2) D:9
    Elf (0/3) Orc:2
   Lair: D:8-11

Altars:
Ashenzari
Cheibriados
Dithmenos
Elyvilon
Fedhas
Gozag
Hepliaklqana
Kikubaaqudgha
Makhleb
Nemelex Xobeh
Okawaru
Qazlal
Ru
Sif Muna
Trog
Uskayaw
Vehumet
Wu Jian
Xom
Yredelemnul
Zin
The Shining One

Shops:
D:6 ?   Orc:1 [   Orc:2 *


Message History

The orc warrior hits you but does no damage.
The orc high priest hits you with a +0 vampiric long sword.
The orc sorcerer gestures at you while chanting.
You shrug off the repeated paralysis!
The orc warrior completely misses you.
The orc warrior hits you but does no damage.
The orc high priest calls down the wrath of Beogh upon you.
Pain shoots through your body!
The orc sorcerer hits you but does no damage.
The orc warrior hits you with a +0 glaive.
The orc warrior hits you but does no damage.
The orc sorcerer gestures at you while chanting.
The bolt of negative energy hits you!!
You feel drained.
The orc high priest hits you with a +0 vampiric long sword.
* * * LOW HITPOINT WARNING * * *
The orc sorcerer hits you with a +2 dagger of speed.
* * * LOW HITPOINT WARNING * * *
The orc warrior hits you from afar with a +0 trident!
* * * LOW HITPOINT WARNING * * *
The orc warrior hits you with a +0 glaive!!
You die...

#.........
........
#......## #
###.......#.#
##............
#............P
#....$.oo.....
#.....@#
#......oo......
#..............
###......P8..∩.
#.............
####..........
##...P.P...
.......PP.


You could see an orc high priest, an orc sorcerer and 2 orc warriors.

Vanquished Creatures
  An orc warlord (Orc:1)
  Erolcha (D:9)
  Pikel (D:9)
  An orc knight (Orc:1)
  A cyclops (Orc:1)
  Maurice (D:8)
  2 centaur skeletons
  A troll (Orc:1)
  Prince Ribbit (D:6)
  A hippogriff (D:8)
  3 yaks (D:9)
  Grum (D:8)
  A hungry ghost (D:8)
  2 wargs (Orc:1)
  A water moccasin (D:9)
  6 orc warriors
  A phantom (D:8)
  An eye of draining (D:9)
  A necrophage (D:7)
  A slave (D:9)
  An ice beast (D:7)
  7 ogres
  3 centaurs
  3 wolves (D:8)
  2 big kobolds
  A gnoll sergeant (D:8)
  2 bullfrogs
  A water moccasin zombie (D:8)
  6 killer bees (D:9)
  3 wights (D:8)
  An electric eel (D:9)
  A howler monkey (D:6)
  2 crimson imps
  A bullfrog zombie (D:5)
  2 centaur zombies
  3 hounds
  Crazy Yiuf (D:3)
  3 jellies
  6 orc priests
  7 orc wizards
  4 bullfrog skeletons
  2 iguanas
  Terence (D:3)
  9 worker ants
  A hound skeleton (D:4)
  6 gnolls
  5 adders
  A shadow imp (D:9)
  2 oozes (D:3)
  An adder zombie (D:6)
  An adder skeleton (D:7)
  6 worms
  7 leopard geckos
  12 orcs
  3 ball pythons
  8 giant cockroaches
  4 goblins
  5 hobgoblins
  6 jackals
  2 quokkas
  3 bats (D:3)
  4 frilled lizards
  16 kobolds
  A leopard gecko zombie (D:5)
  A quokka skeleton (D:8)
  A quokka zombie (D:6)
  4 rats
201 creatures vanquished.

Notes
Turn   | Place    | Note
-------+----------+-------------------------------------------
     0 | D:1      | Delamore the Hill Orc Fighter began the quest for the Orb.
     0 | D:1      | Reached XP level 1. HP: 19/19 MP: 1/1
    30 | D:1      | Reached skill level 3 in Axes
   151 | D:1      | Reached XP level 2. HP: 26/26 MP: 2/2
   186 | D:1      | Reached skill level 4 in Axes
   609 | D:2      | Found an opulent altar of Gozag.
   886 | D:2      | Reached XP level 3. HP: 29/31 MP: 3/3
  1007 | D:2      | Reached skill level 5 in Axes
  1566 | D:2      | Reached XP level 4. HP: 27/39 MP: 4/4
  1699 | D:3      | Reached skill level 6 in Axes
  1903 | D:3      | Noticed Terence
  1910 | D:3      | Killed Terence
  1910 | D:3      | Reached skill level 7 in Axes
  1910 | D:3      | Reached XP level 5. HP: 45/45 MP: 5/5
  2456 | D:3      | Found a runed translucent door.
  2457 | D:3      | Noticed Crazy Yiuf
  2551 | D:3      | Killed Crazy Yiuf
  2768 | D:4      | Got a bronze chain mail
  2779 | D:4      | Identified the cursed +1 chain mail of the Untouchables
                  | {Str+7 Int+3 Stlth+} (You found it on level 4 of the
                  | Dungeon)
  2948 | D:4      | Found a shadowy altar of Dithmenos.
  3025 | D:4      | Reached skill level 8 in Axes
  3025 | D:4      | Reached XP level 6. HP: 51/51 MP: 6/6
  3154 | D:5      | Entered Level 5 of the Dungeon
  3234 | D:5      | Reached skill level 9 in Axes
  3943 | D:6      | Reached XP level 7. HP: 57/57 MP: 7/7
  4094 | D:6      | Reached skill level 10 in Axes
  4119 | D:6      | Found a staircase to the Ecumenical Temple.
  4128 | Temple   | Entered the Ecumenical Temple
  4227 | Temple   | Became a worshipper of Warmaster Okawaru
  4278 | D:6      | Found Gircha's Magic Scroll Shoppe.
  4280 | D:6      | Noticed Prince Ribbit
  4300 | D:6      | Killed Prince Ribbit
  4300 | D:6      | Reached skill level 11 in Axes
  4318 | D:6      | Found an opulent altar of Gozag.
  4321 | D:6      | Bought a scroll of identify for 30 gold pieces
  4321 | D:6      | Bought a scroll of magic mapping for 52 gold pieces
  4416 | D:6      | Reached XP level 8. HP: 62/64 MP: 8/8
  4944 | D:7      | Reached skill level 12 in Axes
  4956 | D:7      | Reached * piety under Okawaru
  4974 | D:7      | Reached skill level 13 in Axes
  5272 | D:7      | Reached ** piety under Okawaru
  5345 | D:7      | Reached skill level 14 in Axes
  5345 | D:7      | Reached XP level 9. HP: 49/70 MP: 9/9
  5804 | D:8      | Reached skill level 15 in Axes
  5928 | D:8      | Reached *** piety under Okawaru
  6171 | D:8      | Noticed Grum
  6178 | D:8      | Reached skill level 16 in Axes
  6199 | D:8      | Killed Grum
  6210 | D:8      | HP: 2/70 [wolf[Grum] (6)]
  6507 | D:8      | Reached XP level 10. HP: 77/77 MP: 10/10
  6597 | D:8      | Reached skill level 17 in Axes
  6664 | D:8      | Noticed Maurice
  6682 | D:8      | Killed Maurice
  6682 | D:8      | Reached **** piety under Okawaru
  7093 | D:9      | Noticed Erolcha
  7104 | D:9      | Killed Erolcha
  7104 | D:9      | Reached skill level 18 in Axes
  7368 | D:9      | Found a staircase to the Orcish Mines.
  7428 | D:9      | Reached ***** piety under Okawaru
  7546 | D:9      | Noticed Pikel
  7556 | D:9      | Killed Pikel
  7556 | D:9      | Reached skill level 19 in Axes
  8183 | Orc:1    | Entered Level 1 of the Orcish Mines
  8190 | D:9      | Reached XP level 11. HP: 60/82 MP: 11/11
  8514 | Orc:1    | Noticed a cyclops
  8525 | Orc:1    | Killed a cyclops
  9083 | Orc:1    | Found Muokk's Antique Armour Shop.
  9086 | Orc:1    | Bought a crude plate armour for 784 gold pieces
  9096 | Orc:1    | Identified the +5 plate armour of the Suburbs {Str+2} (You
                  | bought it in a shop on level 1 of the Orcish Mines)
  9139 | Orc:2    | Entered Level 2 of the Orcish Mines
  9139 | Orc:2    | Found a staircase to the Elven Halls.
  9176 | Orc:2    | Found Qiamn's General Store.
  9176 | Orc:2    | Noticed an orc warlord
  9176 | Orc:2    | Noticed an orc knight
  9176 | Orc:2    | Noticed an orc sorcerer
  9176 | Orc:2    | Noticed an orc high priest
  9206 | Orc:1    | Reached skill level 20 in Axes
  9221 | Orc:1    | Killed an orc knight
  9384 | Orc:1    | Killed an orc warlord
  9384 | Orc:1    | Received a gift from Okawaru
  9540 | Orc:2    | Paralysed by an orc sorcerer for 7 turns
  9545 | Orc:2    | Mangled by an orc warrior

Levels and vault maps discovered:
D:1:      saegor_arrival_simple_d, layout_loops_cross
D:2:      layout_basic, nicolae_gozag_seed_capital
D:3:      kennysheep_six_static_rooms, layout_loops_ring, uniq_terence,
          uniq_crazy_yiuf_cottage
D:4:      layout_cave_pools, nicolae_dithmenos_shadow_blocks, first_ration
D:5:      wander_river, layout_loops_corners
D:6:      layout_basic, temple_fountains, serial_shops, shop, basic_altar,
          uniq_prince_ribbit1
D:7:      layout_loops_ring
D:8:      layout_loops_cross, uniq_grum, uniq_maurice
D:9:      layout_basic, orc_0_dummy, uniq_erolcha, uniq_pikel
Temple:   kilobyte_greek_temple
Orc:1:    layout_caves, serial_shops, nicolae_shop_behind_doors
Orc:2:    grunt_orc_gardens, layout_diamond_mine, grunt_orc_garden,
          grunt_orc_garden, grunt_orc_garden, grunt_orc_garden, serial_shops,
          shop, uniq_josephine

Skill      XL: |  1  2  3  4  5  6  7  8  9 10 11 |
---------------+----------------------------------+-----
Axes           | 3 4 5 7 8 9 11 14 16 19 20 | 20.5
Fighting       | |  3.6
Armour         | |  3.2
Shields        | |  3.2

Action                   |  1- 3 |  4- 6 |  7- 9 | 10-12 || total
-------------------------+-------+-------+-------+-------++-------
Melee: War axe           |   131 |   188 |    89 |       ||   408
       Battleaxe         |       |       |   202 |   232 ||   434
  Use: Scroll            |       |     6 |       |     2 ||     8
       Potion            |       |     3 |     2 |     1 ||     6
  Eat: Chunk             |     2 |     7 |     8 |    10 ||    27
       Ration            |       |       |     3 |       ||     3
Armor: Scale mail        |    27 |       |       |       ||    27
       Ring mail         |    19 |    49 |       |       ||    68
       Chain mail        |       |    41 |   132 |    73 ||   246
       Plate armour      |       |       |       |    26 ||    26
Dodge: Dodged            |    39 |    46 |   130 |    90 ||   305
Block: Shield            |    62 |   114 |    59 |       ||   235
